 Dungeon Crawl Stone Soup version 0.32-a0-981-g384da2ce10 (webtiles) character file.

Game seed: 5003433531571806691

766256 Xoff the Cutthroat (level 27, -4/183 HPs)
             Began as a Gnoll Conjurer on Apr 17, 2024.
             Was the Champion of Vehumet.
             Killed from afar by an orb of fire (13 damage)
             ... with a fireball
             ... on level 5 of the Realm of Zot on Apr 20, 2024.
             The game lasted 06:57:36 (94811 turns).

Xoff the Cutthroat (Gnoll Conjurer)                Turns: 94811, Time: 06:57:36

Health: -4/183     AC: 23    Str: 13 (14) XL:     27
Magic:  43/67      EV: 17    Int: 27 (28) God:    Vehumet [******]
Gold:   6664       SH:  0    Dex:  9 (10) Spells: 7/70 levels left

rFire   + + +        b - +9 mace of the Exceptional God {heavy, rPois rF++ rC- MP+9}
rCold   + + +        J - orb "Qivveopn" {*channel, Int+4}
rNeg    + + +        K - +3 leather armour of Xom, Crafting {rN+ Will+ Regen+}
rPois   +            Z - +2 helmet {SInv}
rElec   +            v - +2 cloak {Stlth+}
rCorr   +            n - +2 pair of gloves {hurl}
SInv    +            w - +2 pair of boots of Tomorrow {Will++ Stlth+}
Will    +++++        s - amulet of Talaz {rElec rN++ Regen+ RegenMP+ Int-3} Stlth *+++++++++
                     a - ring of the Spinneret {rF+ rN++ rCorr MP+9 Dex-4 Stlth+}
HPRegen 0.00/turn    i - ring of the Aged Servitors {rElec rC+++ rCorr Str+6 Stlth+}
MPRegen 0.80/turn

%: channel magic (20%)
@: inhibited regen, studying 3 skills
A: fangs 1, strong nose, distributed training, talons 1, cold resistance 1,
deformed body, deterioration 1, frail 2, inhibited regeneration, teleportitis 1,
inability to drink after injury 2, devolution 1 �: 5/15 runes: serpentine,
barnacled, slimy, silver, abyssal
a: Renounce Religion


You were on level 5 of the Realm of Zot.
You worshipped Vehumet.
Vehumet was exalted by your worship.
You visited 14 branches of the dungeon, and saw 58 of its levels.
You visited the Abyss 20 times.
You visited 1 bazaar.
You also visited: Bailey, Gauntlet and Wizlab.

You collected 11397 gold pieces.
You spent 4733 gold pieces at shops.

Inventory:

Hand Weapons
 b - the +9 mace of the Exceptional God (weapon) {heavy, rPois rF++ rC- MP+9}
   (You took it off a merfolk siren on level 1 of the Shoals)

   rF++:      It greatly protects you from fire.
   rC-:       It makes you vulnerable to cold.
   rPois:     It protects you from poison.
   MP+9:      It affects your magic capacity (+9).
 y - the +10 dark maul {heavy}
   (You found it on level 5 of the Pits of Slime)
 A - the +8 mace "Aratuna" {vamp, +Blink Fly Will++ Str-5}
   (You took it off a merfolk siren on level 4 of the Shoals)

   Str-5:     It affects your strength (-5).
   Will++:    It greatly increases your willpower.
   Fly:       It grants you flight.
   +Blink:    It lets you blink.
 L - the +7 captain's cutlass {speed, disarm}
   (You found it on level 3 of the Shoals)
 R - the +9 battleaxe of Floods {distort, rF+ rN++ Stlth+}
   (You found it on level 4 of the Realm of Zot)

   rF+:       It protects you from fire.
   rN++:      It greatly protects you from negative energy.
   Stlth+:    It makes you more stealthy.
Missiles
 u - 4 silver javelins
 O - 12 curare-tipped darts
Armour
 n - a +2 pair of gloves of hurling (worn)
 v - a +2 cloak of stealth (worn)
 w - the +2 pair of boots of Tomorrow (worn) {Will++ Stlth+}
   (You found it on level 4 of the Vaults)

   Will++:    It greatly increases your willpower.
   Stlth+:    It makes you more stealthy.
 J - the orb "Qivveopn" (worn) {*channel, Int+4}
   (You took it off Frederick on level 4 of the Vaults)

   Int+4:     It affects your intelligence (+4).
 K - the +3 leather armour of Xom, Crafting (worn) {rN+ Will+ Regen+}
   (You bought it in a shop on level 1 of the Snake Pit)

   rN+:       It protects you from negative energy.
   Will+:     It increases your willpower.
   Regen+:    It increases your rate of health regeneration.
 Z - a +2 helmet of see invisible (worn)
Magical Staves
 N - the staff of Turmoil {rElec rPois Necro Air}
   (You found it on level 2 of the Depths)

   [staff of air]

   Base accuracy: +5 Base damage: 5 Base attack delay: 1.2 This weapon's minimum
   attack delay (0.6) is reached at skill level 12.
   rElec:     It insulates you from electricity.
   rPois:     It protects you from poison.
   Necro:     It increases the power of your Necromancy spells.
   Air:       It increases the power of your Air spells.
   It falls into the 'Staves' category.
   It is a one-handed weapon.
 Q - the staff of Valiance {rF+ Int+2 Necro Fire}
   (You found it on level 3 of the Depths)

   [staff of fire]

   Base accuracy: +5 Base damage: 5 Base attack delay: 1.2 This weapon's minimum
   attack delay (0.6) is reached at skill level 12.
   Int+2:     It affects your intelligence (+2).
   rF+:       It protects you from fire.
   Necro:     It increases the power of your Necromancy spells.
   Fire:      It increases the power of your Fire spells.
   It falls into the 'Staves' category.
   It is a one-handed weapon.
 T - the staff of Tirr {rC+ rN+ Ice}
   (You found it on level 3 of the Elven Halls)

   [staff of cold]

   Base accuracy: +5 Base damage: 5 Base attack delay: 1.2 This weapon's minimum
   attack delay (0.6) is reached at skill level 12.
   rC+:       It protects you from cold.
   rN+:       It protects you from negative energy.
   Ice:       It increases the power of your Ice spells.
   It falls into the 'Staves' category.
   It is a one-handed weapon.
Jewellery
 a - the ring of the Spinneret (left hand) {rF+ rN++ rCorr MP+9 Dex-4 Stlth+}
   (You found it on level 3 of the Crypt)

   [ring of magical power]

   Dex-4:     It affects your dexterity (-4).
   rF+:       It protects you from fire.
   rN++:      It greatly protects you from negative energy.
   MP+9:      It affects your magic capacity (+9).
   rCorr:     It protects you from acid and corrosion.
   Stlth+:    It makes you more stealthy.
 e - the ring of Fragile Peace {rN++ SInv Stlth+}
   (You found it on level 3 of the Crypt)

   [ring of see invisible]

   rN++:      It greatly protects you from negative energy.
   SInv:      It lets you see invisible.
   Stlth+:    It makes you more stealthy.
 g - the ring "Bataaquc" {rF+ Will+ rCorr SInv Stlth+}
   (You found it on level 5 of the Vaults)

   [ring of see invisible]

   rF+:       It protects you from fire.
   Will+:     It increases your willpower.
   SInv:      It lets you see invisible.
   rCorr:     It protects you from acid and corrosion.
   Stlth+:    It makes you more stealthy.
 i - the ring of the Aged Servitors (right hand) {rElec rC+++ rCorr Str+6 Stlth+}
   (You found it in a Gauntlet)

   [ring of strength]

   Str+6:     It affects your strength (+6).
   rC+++:     It renders you almost immune to cold.
   rElec:     It insulates you from electricity.
   rCorr:     It protects you from acid and corrosion.
   Stlth+:    It makes you more stealthy.
 s - the amulet of Talaz (around neck) {rElec rN++ Regen+ RegenMP+ Int-3}
   (You found it on level 5 of the Vaults)

   [amulet of magic regeneration]

   It increases your rate of magic regeneration.
   Int-3:     It affects your intelligence (-3).
   rElec:     It insulates you from electricity.
   rN++:      It greatly protects you from negative energy.
   Regen+:    It increases your rate of health regeneration.
   RegenMP+:  It increases your rate of magic regeneration.
Wands
 q - a wand of mindburst (59)
 F - a wand of paralysis (104)
 H - a wand of warping (49)
 V - a wand of light (26)
Scrolls
 d - 4 scrolls of revelation
 f - 2 scrolls of enchant weapon
 k - 7 scrolls of blinking
 o - 31 scrolls of teleportation
 p - 13 scrolls of fear
 r - a scroll of brand weapon
 C - 4 scrolls of fog
 D - 4 scrolls of butterflies
 E - 2 scrolls of torment
 G - 2 scrolls of silence
 S - a scroll of enchant armour
Potions
 c - 3 potions of ambrosia
 j - 8 potions of haste
 l - a potion of heal wounds
 m - 3 potions of magic
 t - 19 potions of curing
 z - 3 potions of resistance
 B - 2 potions of cancellation
 P - a potion of mutation
 X - 5 potions of invisibility
 Y - 5 potions of brilliance
Miscellaneous
 h - a lightning rod (4/4)
 x - a sack of spiders
 I - the horn of Geryon (inert)


   Skills:
 + Level 21.6 Fighting
 + Level 26.8 Short Blades
 + Level 24.5 Long Blades
 + Level 21.6 Axes
 + Level 21.6 Maces & Flails
 + Level 21.6 Polearms
 + Level 21.6 Staves
 + Level 21.6 Ranged Weapons
 + Level 21.6 Throwing
 + Level 21.6 Armour
 + Level 22.0 Dodging
 + Level 21.9 Stealth
 + Level 21.6 Shields
 + Level 21.6 Unarmed Combat
 + Level 22.0 Spellcasting
 + Level 19.6 Conjurations
 + Level 18.5 Hexes
 + Level 20.6 Summonings
 + Level 18.5 Necromancy
 + Level 18.5 Translocations
 + Level 18.5 Fire Magic
 + Level 18.5 Ice Magic
 + Level 18.5 Air Magic
 + Level 18.5 Earth Magic
 + Level 18.5 Alchemy
 + Level 23.3 Invocations
 + Level 21.6 Evocations
 + Level 20.0 Shapeshifting


You had 7 spell levels left.
You knew the following spells:

 Your Spells              Type           Power      Damage    Failure   Level
a - Magic Dart            Conj           100%       1d8       1%          1
b - Sticky Flame          Fire/Alch      92%        2d14      1%          4
c - Mephitic Cloud        Conj/Alch/Air  93%        N/A       1%          3
d - Iskenderun's Mystic   Conj/Tloc      93%        2d18      (+2d11%     4
e - Freezing Cloud        Conj/Ice/Air   46%        6-21      1%          5
g - Dispel Undead         Necr           92%        3d29      1%          4
h - Scorch                Fire           100%       2d9       1%          2
i - Permafrost Eruption   Ice/Erth       46%        2x4d10    1%          6
j - Lee's Rapid Deconstr  Erth           46%        3d22*     1%          5
k - Yara's Violent Unrav  Hex/Alch       46%        3d18      1%          5
l - Orb of Destruction    Conj           47%        9d12      1%          7
m - Ignition              Fire           46%        3d13      4%          8
n - Polar Vortex          Ice            46%        12d6*     30%         9

Your spell library contained the following spells:

 Spells                   Type           Power      Damage    Failure   Level
 Freeze                   Ice            100%       1d10      1%          1
 Kiss of Death            Conj/Necr      100%       2d13      1%          1
 Necrotise                Necr           100%       1d9       1%          1
 Slow                     Hex            100%       N/A       1%          1
 Sting                    Conj/Alch      100%       1d9       1%          1
 Blink                    Tloc           100%       N/A       1%          2
 Cigotuvi's Dreadful Rot  Necr/Alch/Air  100%       N/A       1%          2
 Ensorcelled Hibernation  Hex/Ice        100%       N/A       1%          2
 Jinxbite                 Hex            100%       N/A       1%          2
 Lesser Beckoning         Tloc           100%       N/A       1%          2
 Mercury Vapours          Alch/Air       100%       N/A       1%          2
 Momentum Strike          Conj/Tloc      100%       3d10      1%          2
 Searing Ray              Conj           100%       2d8       1%          2
 Static Discharge         Conj/Air       100%       3-8/arc   1%          2
 Confusing Touch          Hex            92%        N/A       1%          3
 Dazzling Flash           Conj/Hex       100%       N/A       1%          3
 Frozen Ramparts          Ice            100%       1d16      1%          3
 Fugue of the Fallen      Necr           92%        N/A       1%          3
 Hailstorm                Conj/Ice       93%        3d15      1%          3
 Inner Flame              Hex/Fire       92%        N/A       1%          3
 Maxwell's Portable Pile  Tloc           92%        2d(14-41) 1%          3
 Ozocubu's Armour         Ice            92%        N/A       1%          3
 Summon Ice Beast         Ice/Summ       94%        N/A       1%          3
 Teleport Other           Tloc           92%        N/A       1%          3
 Tukima's Dance           Hex            92%        N/A       1%          3
 Vampiric Draining        Necr           92%        2d12      1%          3
 Volatile Blastmotes      Fire/Tloc      100%       2d18      1%          3
 Airstrike                Air            46%        2d(7-23)  1%          4
 Anguish                  Hex/Necr       46%        N/A       1%          4
 Animate Armour           Summ/Erth      100%       N/A       1%          4
 Animate Dead             Necr           92%        N/A       1%          4
 Brom's Barrelling Bould  Conj/Erth      93%        2d10      1%          4
 Cause Fear               Hex            46%        N/A       1%          4
 Dimensional Bullseye     Hex/Tloc       46%        N/A       1%          4
 Flame Wave               Conj/Fire      93%        2d20      1%          4
 Fulminant Prism          Conj/Alch      46%        3d21      1%          4
 Ignite Poison            Fire/Alch      92%        N/A       1%          4
 Leda's Liquefaction      Alch/Erth      46%        N/A       1%          4
 Martyr's Knell           Necr/Summ      94%        N/A       1%          4
 Olgreb's Toxic Radiance  Alch           92%        N/A       1%          4
 Passage of Golubria      Tloc           92%        N/A       1%          4
 Summon Lightning Spire   Summ/Air       94%        N/A       1%          4
 Vhi's Electric Charge    Tloc/Air       100%       N/A       1%          4
 Alistair's Intoxication  Alch           61%        N/A       1%          5
 Arcjolt                  Conj/Air       46%        1d56      1%          5
 Borgnjor's Vile Clutch   Necr/Erth      46%        N/A       1%          5
 Curse of Agony           Necr           92%        N/A       1%          5
 Fireball                 Conj/Fire      46%        3d18      1%          5
 Irradiate                Conj/Alch      46%        3d27      1%          5
 Iskenderun's Battlesphe  Conj           94%        2d14      1%          5
 Metabolic Englaciation   Hex/Ice        46%        N/A       1%          5
 Silence                  Hex/Air        46%        N/A       1%          5
 Summon Forest            Summ/Tloc      47%        N/A       1%          5
 Summon Mana Viper        Hex/Summ       94%        N/A       1%          5
 Bombard                  Conj/Erth      46%        9d8       1%          6
 Conjure Ball Lightning   Conj/Air       46%        3x3d16    1%          6
 Death Channel            Necr           46%        N/A       1%          6
 Dispersal                Tloc           46%        N/A       1%          6
 Eringya's Noxious Bog    Alch           46%        4d6       1%          6
 Gell's Gavotte           Tloc           46%        2d(32-47) 1%          6
 Plasma Beam              Fire/Air       46%        2x1d60    1%          6
 Sculpt Simulacrum        Ice/Alch       46%        N/A       1%          6
 Summon Cactus Giant      Summ           48%        N/A       1%          6
 Magnavolt                Erth/Air       46%        3d20      1%          7
 Ozocubu's Refrigeration  Ice            46%        4d17      1%          7
 Monstrous Menagerie      Summ           48%        N/A       2%          7
 Enfeeble                 Hex            46%        N/A       3%          7
 Haunt                    Necr/Summ      47%        N/A       3%          7
 Manifold Assault         Tloc           46%        N/A       3%          7
 Rimeblight               Ice/Necr       46%        2d8       (prima3%    7
 Seismic Cannonade        Alch/Erth      46%        6d15      3%          7
 Fulsome Fusillade        Conj/Alch      46%        (3-5)d14  3%          8
 Lehudib's Crystal Spear  Conj/Erth      46%        10d11     3%          8
 Borgnjor's Revivificati  Necr           46%        N/A       14%         8
 Discord                  Hex            46%        N/A       14%         8
 Disjunction              Tloc           46%        N/A       14%         8
 Infestation              Necr           46%        N/A       14%         8
 Chain Lightning          Conj/Air       46%        3d62      26%         9
 Fire Storm               Conj/Fire      46%        8d12      26%         9
 Shatter                  Erth           46%        3d35*     30%         9
 Dragon's Call            Summ           48%        N/A       52%         9
 Death's Door             Necr           46%        N/A       77%         9


Dungeon Overview and Level Annotations

Branches:
Dungeon (15/15)            Temple (1/1) D:4            Lair (5/5) D:10
 Shoals (4/4) Lair:2        Snake (4/4) Lair:2        Slime (5/5) Lair:4
    Orc (2/2) D:10            Elf (3/3) Orc:2        Vaults (5/5) D:14
  Crypt (3/3) Vaults:2       Tomb (1/3) Crypt:3      Depths (4/4) D:15
   Hell (visited)             Dis (0/7) Hell            Geh (0/7) Hell
    Coc (0/7) Hell            Tar (0/7) Hell            Zot (5/5) Depths:4
 Bailey (visited)          WizLab (visited)         Gauntlet (visited)

Altars:
Ashenzari
Cheibriados
Dithmenos
Elyvilon
Fedhas
Gozag
Hepliaklqana
Kikubaaqudgha
Makhleb
Nemelex Xobeh
Okawaru
Qazlal
Ru
Sif Muna
Trog
Uskayaw
Vehumet
Wu Jian
Xom
Yredelemnul
Zin
The Shining One
Beogh
Jiyva

Shops:
D:5 !   D:7 ?   D:9 :   Orc:2 !*(((   Elf:2 ([*[   Elf:3 ::=[   Shoals:1 *
Snake:1 [[?[?   Snake:4 [   Vaults:1 ?   Vaults:4 (   Zot:2 *   Depths:4 **

Portals:
Hell: Depths:1 Depths:2 Depths:3 Depths:4
Abyss: Depths:1 Depths:2 Depths:3
Pandemonium: Depths:2
Ziggurat: Depths:1

Annotations:
Zot:5 exclusion: obsidian statue


Innate Abilities, Weirdness & Mutations

You have very sharp teeth.
Your uncanny sense of smell can sniff out nearby items.
Your experience applies equally to all skills.
You have sharp toenails.
Your flesh is cold resistant. (rC+)
Armour fits poorly on your strangely shaped body.
Your body sometimes deteriorates upon taking damage.
You are very frail. (-20% HP)
You do not regenerate when monsters are visible.
You are occasionally teleported next to monsters.
You sometimes lose the ability to drink potions when taking damage.
You have hidden genetic defects.


Message History

Unknown command.
Aiming: Mindburst
Press: ? - help, Shift-Dir - straight line, f - orb of fire
Aim: an orb of fire (moderately damaged, infinite will)
Okay, then.
Unknown command.
Aiming: Warp Space
Press: ? - help, Shift-Dir - straight line, f - orb of fire
Aim: an orb of fire (moderately damaged, chance to blink: 90%) Space twists violently!
The rupture engulfs the orb of fire!!
The orb of fire blinks!
The rupture engulfs the orb of fire!!
The orb of fire blinks!
The orb of fire is severely damaged.
You hear a shout!
The orb of fire glows deep purple.
The bolt of fire hits you! You resist.
* * * LOW HITPOINT WARNING * * *
Unknown command.
Unknown command.
You feel much better.
The orb of fire glows deep purple.
The fireball explodes!
The fireball engulfs you!! You resist.
* * * LOW HITPOINT WARNING * * *
Your body deteriorates!
You feel dopey.
Casting: Permafrost Eruption (mildly dangerous; 1% risk of failure)
Confirm with . or Enter, or press ? or * to list all spells.
Bitter cold erupts, blasting rock from the ceiling!
The mass of rock hits the orb of fire!!
The orb of fire is severely damaged.
Piercing cold boils outward!
The piercing cold hits the orb of fire!
The orb of fire resists.
The orb of fire is severely damaged.
The piercing cold hits the orb of fire!
The orb of fire resists.
The orb of fire is almost destroyed.
The orb of fire glows red.
The bolt of fire hits you! You resist.
* * * LOW HITPOINT WARNING * * *
The orb of fire glows deep purple.
The fireball explodes!
The fireball engulfs you! You resist.
You die...

###.[.*......#.##'###
####'####'##.#.....
#.# #.##.#..... #L#
#....#..... ####§#
#....'.....
#..X.####.##.#.....
#.**......##.#.....
##.#########.#.....
#@# #.#..... #.#
#.#.....
################'#####
#.#.....
..............⌠......#
#.###'##
..........(..........#
#.# #.##
.......<.............#
#.# #.##
^...................^#
#.# #.##
.....................#
#.# #.##
.....................#
#.# #.##


You could see 2 orbs of fire, a tentacled monstrosity and a dread lich
(invisible).

Vanquished Creatures
  the Royal Jelly (Slime:5)
  Frederick (Vaults:4)
  5 dread liches
  3 orbs of fire (Zot:5)
  7 ancient liches
  A juggernaut (Depths:2)
  3 royal mummies (Tomb:1)
  Xtahua (Depths:4)
  Sojobo (Depths:4)
  A Killer Klown (Zot:5)
  7 caustic shrikes (Depths:3)
  Geryon (Hell)
  Nikola (Shoals:2)
  8 curse toes
  11 golden dragons
  A profane servitor (Abyss:1)
  9 bone dragons
  2 doom hounds (Zot:3)
  A walking crystal tome (Depths:3)
  Jorgrun (Orc:1)
  The ghost of Fauhuump the Cloud Mage, an adept TeAE of Ashenzari (Vaults:2)
  23 tentacled monstrosities
  11 Orb Guardians (Zot:5)
  A hellephant (Abyss:1)
  Rupert (Orc:2)
  A Hell Sentinel (Abyss:2)
  Grunn (Zot:3)
  Mlioglotl (Shoals:3)
  2 deep elf master archers (Elf:3)
  2 walking earthen tomes
  10 liches
  3 titans
  2 krakens
  Murray (Depths:1)
  8 quicksilver dragons
  3 deep elf blademasters
  A walking frostbound tome (Depths:2)
  The ghost of Alarak the Champion of Chaos, an adept DsFi of Makhleb (Snake:4)
  12 sphinxes
  28 acid blobs
  An Executioner (Abyss:2)
  9 death cobs
  2 ancient champions (Crypt:2)
  29 tentacled starspawn
  16 tengu reavers
  The ghost of Sagen the Devastator, an adept DrCj of Vehumet (Snake:3)
  14 storm dragons
  14 shadow dragons
  12 rockslimes
  14 azure jellies
  2 fenstrider witches (Depths:2)
  3 nagarajas (Snake:4)
  16 frost giants
  2 strange machines (WizLab)
  Aizul (Shoals:4)
  7 revenants
  6 protean progenitors
  3 daevas
  4 draconian monks
  7 deep elf sorcerers
  7 draconian shifters
  A balrug (Abyss:2)
  5 draconian knights
  2 iron dragons
  4 draconian scorchers
  9 fire giants
  6 ghost moths
  2 curse skulls
  4 deep elf elementalists (Elf:3)
  18 vault wardens
  5 draconian stormcallers
  2 ghouls (Crypt:1)
  16 ironbound preservers
  2 cacodemons (Abyss:2)
  7 reapers
  2 spriggan defenders
  2 draconian annihilators (Zot:1)
  10 formless jellyfish
  3 orc warlords
  30 very ugly things
  8 stone giants
  12 quicksilver oozes
  11 ironbound thunderhulks
  7 deep elf demonologists
  A juggernaut skeleton (Abyss:1)
  6 deep elf death magi
  2 vampire knights
  4 lorocyprocas
  13 purple draconians
  69 starcursed masses
  17 red draconians
  2 bennus (Tomb:1)
  5 deep elf annihilators
  7 yellow draconians
  6 green draconians
  15 spark wasps
  6 war gargoyles
  A minotaur (Gauntlet)
  13 black draconians
  15 dire elephants
  11 white draconians
  5 eidola
  4 green deaths (Abyss:2)
  3 blizzard demons
  8 merfolk javelineers
  10 yaktaur captains
  7 jiangshi
  4 entropy weavers
  4 iron golems
  9 ettins
  3 mummy priests (Tomb:1)
  7 fire dragons
  7 merfolk impalers
  5 deep elf high priests
  33 vault guards
  7 ice dragons
  6 crystal guardians
  16 great orbs of eyes
  2 ogre magi
  4 salamander tyrants
  A hell beast (Hell)
  6 ghost crabs (Crypt:3)
  A quicksilver dragon skeleton (Abyss:2)
  7 hydras
  A spriggan zombie (Abyss:2)
  A catoblepas (Lair:3)
  4 spriggan air magi
  5 ironbound frosthearts
  4 peacekeepers
  3 spriggan skeletons
  15 rakshasas
  7 boulder beetles
  4 merfolk avatars
  4 centaur warriors
  16 anacondas
  33 dancing weapons
  3 death yaks (Lair:5)
  6 deep troll shamans
  5 merfolk aquamancers
  An alligator snapping turtle (Shoals:4)
  5 two-headed ogres
  9 vampire magi
  20 naga sharpshooters
  7 tengu warriors
  20 death scarabs (Tomb:1)
  6 deep troll earth magi
  2 satyrs
  12 thrashing horrors
  5 hell hogs
  7 soul eaters
  15 naga warriors
  7 spriggan berserkers
  Urug (Lair:1)
  2 orc high priests
  A quicksilver ooze zombie (Crypt:1)
  A demonic crawler (Abyss:2)
  An occultist (Depths:2)
  29 wretched stars
  17 deep elf knights
  8 sun demons
  A crystal echidna (Hell)
  22 hell knights
  9 shock serpents
  5 sixfirhies
  A storm dragon skeleton (Abyss:1)
  7 skysharks
  3 shadow wraiths
  A skyshark (shapeshifter) (Vaults:5)
  5 spriggans
  A death drake (shapeshifter) (Vaults:1)
  The ghost of Autsider the Trooper, a novice VSWr of Okawaru (D:8)
  7 iron trolls
  2 anaconda zombies
  2 spatial maelstroms
  26 skeletal warriors
  5 salamander mystics
  7 flayed ghosts
  16 deep elf archers
  A titan skeleton (Crypt:3)
  An orb spider (Abyss:2)
  A swamp dragon (shapeshifter) (Vaults:2)
  A spriggan simulacrum (Abyss:2)
  A bog body (Crypt:1)
  13 mana vipers
  2 bunyip skeletons (Crypt:3)
  61 large abominations
  14 sea snakes
  2 steelbarb worms (Zot:3)
  6 thermic dynamos
  A shadow demon (Abyss:3)
  60 deep trolls
  2 arcanists
  2 shadow dragon zombies
  19 ugly things
  10 glowing orange brains
  5 naga ritualists
  21 harpies
  14 orc knights
  An orange crystal statue (Hell)
  11 phantasmal warriors
  18 ironbound convokers
  15 lindwurms
  An anaconda skeleton (Crypt:3)
  28 deep elf pyromancers
  5 obsidian bats
  5 shining eyes
  28 deep elf zephyrmancers
  13 salamanders
  12 necromancers
  11 fauns
  2 orc sorcerers
  2 cyclopes (shapeshifter)
  A wolf spider (shapeshifter) (Vaults:5)
  9 cyclopes
  2 stone giant skeletons
  Maurice (D:12)
  12 manticores
  18 vault sentinels
  A will-o-the-wisp (Abyss:2)
  13 worldbinders
  A toenail golem (Abyss:2)
  A shining eye (shapeshifter) (Elf:3)
  27 moths of wrath
  4 guardian serpents
  16 apocalypse crabs
  38 black mambas
  24 naga magi
  Joseph (D:7)
  5 kobold blastminers
  2 eleionoma skeletons
  3 rust devils (Abyss:2)
  A dire elephant zombie (Crypt:3)
  13 elephants
  11 merfolk sirens
  2 eyes of devastation
  5 orange demons (Abyss:2)
  2 molten gargoyles (Hell)
  30 smoke demons
  4 torpor snails
  3 hellions
  13 cane toads
  5 gargoyles
  A water nymph (Shoals:1)
  3 dire elephant skeletons
  A cane toad (shapeshifter) (Abyss:2)
  4 unseen horrors
  26 yaktaurs
  13 komodo dragons
  An anaconda simulacrum (Abyss:2)
  An orb spider zombie (Crypt:2)
  2 tormentors
  3 kobold demonologists
  9 guardian mummies
  A yaktaur (shapeshifter) (Elf:1)
  4 ice devils
  A catoblepas skeleton (Crypt:1)
  4 rime drakes
  Psyche (D:8)
  8 freezing wraiths
  5 efreet
  A red devil (Hell)
  7 tengu conjurers
  21 ancient zymes
  23 merfolk
  A silent spectre (Abyss:3)
  5 trolls
  5 wind drakes
  A merfolk (shapeshifter) (Vaults:5)
  A tarantella (Vaults:1)
  16 polar bears
  7 hornets
  5 hellwings (Abyss:2)
  A tarantella zombie (Crypt:1)
  A harpy zombie (Abyss:2)
  5 saltlings (Orc:2)
  30 blink frogs
  Grinder (D:4)
  A culicivora zombie (Crypt:2)
  3 harpy skeletons
  60 raiju
  2 tyrant leeches (Zot:5)
  6 glass eyes
  5 dream sheep
  140 slime creatures
  10 snapping turtles
  2 centaur simulacra (Gauntlet)
  3 vampires
  10 wraiths
  8 shadows
  2 air elementals (Elf:1)
  A culicivora (shapeshifter) (Vaults:5)
  3 wyverns
  16 water elementals
  3 fire dragon skeletons (Crypt:3)
  3 ushabtiu
  25 ynoxinuls
  3 humans (D:14)
  2 fire bats (Abyss:1)
  43 yaks
  A black mamba skeleton (Hell)
  8 wargs
  8 golden eyes
  2 fire elementals
  17 chaos spawn
  4 basilisks
  14 neqoxecs
  6 redbacks
  A spatial vortex (Abyss:2)
  12 vampire mosquitoes
  A harpy simulacrum (D:15)
  2 naga zombies
  42 nagas
  23 water moccasins
  A glowing shapeshifter skeleton (Crypt:1)
  A naga skeleton (Crypt:3)
  42 hell hounds
  A meliai simulacrum (Gauntlet)
  24 orc warriors
  A hornet zombie (Crypt:2)
  55 laughing skulls
  5 sky beasts
  A black bear (shapeshifter) (D:13)
  22 black bears
  2 ice beasts
  A boggart (Abyss:2)
  9 ogres
  31 wolves
  56 small abominations
  6 centaurs (D:13)
  9 phantoms
  9 kobold brigands
  22 weeping skulls
  A draconian zombie (Crypt:2)
  16 bullfrogs
  6 brain worms
  A gnoll sergeant (D:6)
  6 scorpions
  3 earth elementals (Abyss:2)
  A hornet simulacrum (Gauntlet)
  15 wights
  A shapeshifter skeleton (Crypt:2)
  9 killer bees
  6 howler monkeys
  2 electric eels
  A bombardier beetle (D:6)
  5 centaur zombies
  12 quasits
  2 lava snakes (D:15)
  7 jellies
  Crazy Yiuf (D:4)
  3 gnoll boudas
  4 hounds
  16 orc priests
  6 iron imps
  A black bear skeleton (Crypt:2)
  4 hell rats (Hell)
  Natasha (thrice) (D:3)
  6 iguanas
  20 orc wizards
  8 sleepcaps
  2 scorpion zombies (D:7)
  3 killer bee zombies (D:7)
  2 polar bear simulacra (Lair:3)
  A yak simulacrum (Lair:3)
  5 wolf simulacra (Lair:3)
  An acid dragon zombie (Crypt:1)
  A deep dwarf skeleton (Crypt:1)
  17 mummies
  Robin (D:3)
  19 gnolls
  5 adders
  A steam dragon skeleton (Crypt:1)
  10 shadow imps
  14 white imps
  18 ufetubi
  A ribbon worm (D:3)
  6 dart slugs
  45 orcs
  5 ball pythons
  5 endoplasms
  6 giant cockroaches
  20 goblins
  9 hobgoblins
  5 jackals (D:1)
  2 quokkas
  2 bats
  4 frilled lizards
  A hobgoblin zombie (Crypt:1)
  18 kobolds
  An orc zombie (Crypt:1)
  3 rats
  3 river rat simulacra (Lair:3)
  5 aspiring fleshes
  5 lurking horrors
  17 starspawn tentacles
  6 tentacles
3378 creatures vanquished.

Vanquished Creatures (collateral kills)
  A juggernaut (Depths:1)
  A Killer Klown (Zot:5)
  An Orb Guardian (Zot:5)
3 creatures vanquished.

Vanquished Creatures (others)
  A lich (Depths:3)
  A wight (Abyss:2)
  An iron imp (Abyss:2)
  2 foxfires (Abyss:2)
  A lurking horror (Abyss:3)
  42 starspawn tentacles
  9 tentacles
57 creatures vanquished.

Grand Total: 3438 creatures vanquished

Notes
Turn   | Place    | Note
-------+----------+-------------------------------------------
     0 | D:1      | Xoff the Gnoll Conjurer began the quest for the Orb.
     0 | D:1      | Reached XP level 1. HP: 13/13 MP: 6/6
   297 | D:1      | Reached XP level 2. HP: 19/19 MP: 4/7
   335 | D:1      | Learned a level 2 spell: Searing Ray
   571 | D:1      | Found a faded altar of an unknown god.
   854 | D:1      | Reached skill level 5 in Spellcasting
   854 | D:1      | Reached XP level 3. HP: 25/25 MP: 2/9
   919 | D:1      | Learned a level 3 spell: Mephitic Cloud
  1073 | D:1      | Reached skill level 1 in Invocations
  1728 | D:2      | Reached skill level 1 in Fighting
  1728 | D:2      | Reached skill level 1 in Short Blades
  1728 | D:2      | Reached skill level 1 in Long Blades
  1728 | D:2      | Reached skill level 1 in Axes
  1728 | D:2      | Reached skill level 1 in Maces & Flails
  1728 | D:2      | Reached skill level 1 in Polearms
  1728 | D:2      | Reached skill level 1 in Staves
  1728 | D:2      | Reached skill level 1 in Ranged Weapons
  1728 | D:2      | Reached skill level 1 in Throwing
  1728 | D:2      | Reached skill level 1 in Armour
  1728 | D:2      | Reached skill level 1 in Shields
  1728 | D:2      | Reached skill level 1 in Unarmed Combat
  1728 | D:2      | Reached skill level 1 in Evocations
  1728 | D:2      | Reached skill level 1 in Shapeshifting
  1728 | D:2      | Reached XP level 4. HP: 25/32 MP: 4/11
  2009 | D:2      | Reached skill level 1 in Hexes
  2009 | D:2      | Reached skill level 1 in Summonings
  2009 | D:2      | Reached skill level 1 in Necromancy
  2009 | D:2      | Reached skill level 1 in Translocations
  2009 | D:2      | Reached skill level 1 in Fire Magic
  2009 | D:2      | Reached skill level 1 in Ice Magic
  2009 | D:2      | Reached skill level 1 in Air Magic
  2009 | D:2      | Reached skill level 1 in Earth Magic
  2009 | D:2      | Reached skill level 1 in Alchemy
  2509 | D:2      | Learned a level 4 spell: Iskenderun's Mystic Blast
  2753 | D:3      | Noticed Robin
  2758 | D:3      | Noticed Natasha
  2759 | D:3      | Killed Robin
  2767 | D:3      | Reached XP level 5. HP: 29/37 MP: 0/12
  2891 | D:3      | Killed Natasha
  2900 | D:3      | Noticed Natasha
  2905 | D:3      | Killed Natasha
  3091 | D:3      | Noticed Natasha
  3096 | D:3      | Killed Natasha
  3729 | D:4      | Reached XP level 6. HP: 44/44 MP: 8/13
  3843 | D:4      | Reached skill level 5 in Dodging
  3882 | D:4      | Reached skill level 2 in Short Blades
  3944 | D:4      | Found a staircase to the Ecumenical Temple.
  3953 | Temple   | Found a transporter.
  3953 | Temple   | Found a transporter.
  3953 | Temple   | Found a transporter.
  3953 | Temple   | Found a transporter.
  3953 | Temple   | Entered the Ecumenical Temple
  3969 | Temple   | Became a worshipper of Vehumet
  4120 | D:4      | Reached XP level 7. HP: 50/50 MP: 11/15
  4423 | D:4      | Reached skill level 5 in Stealth
  4608 | D:4      | Reached * piety under Vehumet
  4608 | D:4      | Offered knowledge of Freeze by Vehumet.
  4749 | D:4      | Found a runed translucent door.
  4750 | D:4      | Noticed Crazy Yiuf
  5075 | D:4      | Noticed Grinder
  5077 | D:4      | Paralysed by Grinder for 2 turns
  5084 | D:4      | Paralysed by Grinder for 2 turns
  5090 | D:4      | Killed Grinder
  5091 | D:4      | Reached skill level 3 in Short Blades
  5091 | D:4      | Reached XP level 8. HP: 45/58 MP: 4/16
  5626 | D:4      | Killed Crazy Yiuf
  5782 | D:5      | Entered Level 5 of the Dungeon
  5970 | D:5      | Reached ** piety under Vehumet
  5970 | D:5      | Offered knowledge of Sandblast by Vehumet.
  6393 | D:5      | Found a snail-covered altar of Cheibriados.
  6638 | D:5      | Found Wyiloigh's Distillery.
  6666 | D:5      | Bought a potion of heal wounds for 60 gold pieces
  6883 | D:5      | Learned a level 5 spell: Freezing Cloud
  6920 | D:6      | Reached XP level 9. HP: 56/65 MP: 12/18
  6928 | D:6      | Reached skill level 4 in Short Blades
  7813 | D:6      | Noticed a boulder beetle
  7848 | D:6      | Killed a boulder beetle
  7848 | D:6      | Offered knowledge of Inner Flame by Vehumet.
  7849 | D:6      | Reached skill level 5 in Invocations
  7955 | D:6      | Noticed a boulder beetle
  8019 | D:6      | Killed a boulder beetle
  8020 | D:6      | Reached skill level 5 in Fighting
  8020 | D:6      | Reached skill level 5 in Short Blades
  8020 | D:6      | Reached skill level 5 in Long Blades
  8020 | D:6      | Reached skill level 5 in Axes
  8020 | D:6      | Reached skill level 5 in Maces & Flails
  8020 | D:6      | Reached skill level 5 in Polearms
  8020 | D:6      | Reached skill level 5 in Staves
  8020 | D:6      | Reached skill level 5 in Ranged Weapons
  8020 | D:6      | Reached skill level 5 in Throwing
  8020 | D:6      | Reached skill level 5 in Armour
  8020 | D:6      | Reached skill level 5 in Shields
  8020 | D:6      | Reached skill level 5 in Unarmed Combat
  8020 | D:6      | Reached skill level 5 in Evocations
  8020 | D:6      | Reached XP level 10. HP: 37/74 MP: 13/20
  8755 | D:7      | Noticed Joseph
  8775 | D:7      | Killed Joseph
  8986 | D:7      | Found Zosk's Magic Scroll Shop.
  8991 | D:7      | Bought a scroll of teleportation for 39 gold pieces
  8991 | D:7      | Bought a scroll of identify for 26 gold pieces
  9310 | D:7      | Reached skill level 5 in Shapeshifting
  9665 | D:7      | Found a basalt altar of Yredelemnul.
  9812 | D:7      | Reached *** piety under Vehumet
 10124 | D:7      | Offered knowledge of Frozen Ramparts by Vehumet.
 10129 | D:7      | Learned a level 3 spell: Frozen Ramparts
 10627 | D:7      | Reached skill level 6 in Short Blades
 10776 | D:7      | Got Kikubaaqudgha's Quarto of the Ossuary
 10928 | D:7      | Reached skill level 5 in Hexes
 10928 | D:7      | Reached skill level 5 in Summonings
 10928 | D:7      | Reached skill level 5 in Necromancy
 10928 | D:7      | Reached skill level 5 in Translocations
 10928 | D:7      | Reached skill level 5 in Fire Magic
 10928 | D:7      | Reached skill level 5 in Ice Magic
 10928 | D:7      | Reached skill level 5 in Air Magic
 10928 | D:7      | Reached skill level 5 in Earth Magic
 10928 | D:7      | Reached skill level 5 in Alchemy
 11237 | D:8      | Reached XP level 11. HP: 81/81 MP: 18/22
 11542 | D:8      | Found a transporter.
 11544 | D:8      | Noticed a manticore
 11549 | D:8      | Noticed Autsider's ghost (novice VSWr)
 11673 | D:8      | Noticed Psyche
 11691 | D:8      | Killed Psyche
 11766 | D:8      | Found a transporter.
 12010 | D:8      | Reached **** piety under Vehumet
 12334 | D:9      | Offered knowledge of Arcjolt by Vehumet.
 12770 | D:9      | Found a flagged portal.
 12778 | Bailey   | Entered a bailey
 13016 | Bailey   | Found an iron altar of Okawaru.
 13221 | D:9      | Found Cotoutix's Book Emporium.
 13537 | D:10     | Entered Level 10 of the Dungeon
 13537 | D:10     | Found a staircase to the Orcish Mines.
 13885 | D:10     | Found a staircase to the Lair.
 14021 | D:10     | Reached ***** piety under Vehumet
 14024 | D:10     | Offered knowledge of Orb of Destruction by Vehumet.
 14089 | D:10     | Found a bloodstained altar of Trog.
 14342 | Lair:1   | Entered Level 1 of the Lair of Beasts
 14352 | Lair:1   | Reached skill level 7 in Short Blades
 14453 | Lair:1   | Reached XP level 12. HP: 87/91 MP: 21/24
 14651 | Lair:1   | Identified the +6 long sword of the Bedazzled God {pain,
                  | Dex+3}
 14891 | Lair:1   | Noticed Urug
 14905 | Lair:1   | Killed Urug
 15227 | Lair:1   | Identified the blade talisman of Springtime {Int+5}
 15825 | Lair:2   | Reached skill level 8 in Short Blades
 15891 | Lair:2   | Reached XP level 13. HP: 98/98 MP: 17/26
 16154 | Lair:2   | Reached skill level 10 in Conjurations
 16450 | Lair:2   | Found a staircase to the Snake Pit.
 16881 | Lair:2   | Found a staircase to the Shoals.
 16927 | Lair:2   | Learned a level 4 spell: Dispel Undead
 17017 | Lair:3   | Reached skill level 10 in Spellcasting
 17203 | Lair:3   | Offered knowledge of Starburst by Vehumet.
 17690 | Lair:3   | Learned a level 2 spell: Scorch
 18282 | Lair:4   | Reached skill level 10 in Dodging
 18727 | Lair:4   | Reached skill level 9 in Short Blades
 18834 | Lair:4   | Reached skill level 10 in Stealth
 18863 | Lair:4   | Found a staircase to the Slime Pits.
 18929 | Lair:4   | Found a viscous altar of Jiyva.
 19831 | Lair:4   | Reached skill level 10 in Invocations
 19831 | Lair:4   | Reached XP level 14. HP: 108/108 MP: 20/28
 20510 | D:11     | You fall into a shaft and drop 2 floors!
 21321 | D:12     | Noticed Maurice
 21328 | D:12     | Killed Maurice
 23025 | D:14     | Learned a level 6 spell: Permafrost Eruption
 23709 | D:14     | Identified the +4 ring mail of Intercession {Harm Regen+}
 24119 | D:14     | Found a gate to the Vaults.
 24242 | D:15     | Entered Level 15 of the Dungeon
 24727 | D:15     | Reached skill level 10 in Fighting
 24727 | D:15     | Reached skill level 10 in Short Blades
 24727 | D:15     | Reached skill level 10 in Long Blades
 24727 | D:15     | Reached skill level 10 in Axes
 24727 | D:15     | Reached skill level 10 in Maces & Flails
 24727 | D:15     | Reached skill level 10 in Polearms
 24727 | D:15     | Reached skill level 10 in Staves
 24727 | D:15     | Reached skill level 10 in Ranged Weapons
 24727 | D:15     | Reached skill level 10 in Throwing
 24727 | D:15     | Reached skill level 10 in Armour
 24727 | D:15     | Reached skill level 10 in Shields
 24727 | D:15     | Reached skill level 10 in Unarmed Combat
 24727 | D:15     | Reached skill level 10 in Evocations
 24824 | D:15     | Reached XP level 15. HP: 96/115 MP: 10/30
 25139 | D:15     | Found a staircase to the Depths.
 25461 | Lair:5   | Entered Level 5 of the Lair of Beasts
 26537 | Lair:5   | Reached ****** piety under Vehumet
 27560 | Lair:5   | Upgraded the game from 0.32-a0-960-g3814254bd7 to
                  | 0.32-a0-975-g85d4e5bfdb
 27741 | Orc:1    | Entered Level 1 of the Orcish Mines
 27743 | Orc:1    | Noticed Jorgrun
 27754 | Orc:1    | Killed Jorgrun
 28125 | Orc:1    | Found Irphuyti's Self-Improvement Boutique.
 28365 | Orc:2    | Entered Level 2 of the Orcish Mines
 28365 | Orc:2    | Found Viotrug's Distillery.
 28374 | Orc:2    | Noticed Rupert
 28383 | Orc:2    | Paralysed by Rupert for 3 turns
 28399 | Orc:2    | Killed Rupert
 28416 | Orc:2    | Found a gate leading to a gauntlet.
 28419 | Orc:2    | Found a staircase to the Elven Halls.
 28425 | Gauntlet | Entered a Gauntlet
 28425 | Gauntlet | Found a transporter.
 28425 | Gauntlet | Found a transporter.
 28481 | Gauntlet | Found a transporter.
 28484 | Gauntlet | Found a transporter.
 28484 | Gauntlet | Found a transporter.
 28484 | Gauntlet | Found a transporter.
 28494 | Gauntlet | Found a transporter.
 28498 | Gauntlet | Found a transporter.
 28508 | Gauntlet | Found a transporter.
 28610 | Gauntlet | Found a transporter.
 28614 | Gauntlet | Found a transporter.
 28626 | Gauntlet | Found a transporter.
 28812 | Gauntlet | Offered knowledge of Lee's Rapid Deconstruction by Vehumet.
 28819 | Gauntlet | Learned a level 5 spell: Lee's Rapid Deconstruction
 28870 | Gauntlet | Identified the ring of the Aged Servitors {rElec rC+++
                  | rCorr Str+6 Stlth+}
 29134 | Orc:2    | Bought 3 potions of curing for 126 gold pieces
 29134 | Orc:2    | Bought a potion of haste for 140 gold pieces
 29134 | Orc:2    | Bought a potion of curing for 42 gold pieces
 29134 | Orc:2    | Bought a potion of resistance for 140 gold pieces
 29784 | Orc:2    | Reached skill level 10 in Shapeshifting
 29844 | Orc:2    | Reached XP level 16. HP: 124/124 MP: 25/32
 30018 | Orc:2    | Found Zamexken's Antique Weapon Shoppe.
 30019 | Orc:2    | Found a roughly hewn altar of Beogh.
 30020 | Orc:2    | Found Roxubir's Antique Weapon Shoppe.
 30061 | Orc:2    | Reached skill level 11 in Short Blades
 30180 | Orc:2    | Found Udghiuw's Weapon Shoppe.
 30271 | Orc:2    | Found Bemyifem's Assorted Antiques.
 30277 | Orc:2    | Bought a pair of runed boots for 165 gold pieces
 30287 | Orc:2    | Bought a scroll labelled KUBOD POWNO for 22 gold pieces
 30789 | D:8      | Killed Autsider's ghost
 30991 | Shoals:1 | Entered Level 1 of the Shoals
 31341 | Shoals:1 | Offered knowledge of Iskenderun's Battlesphere by Vehumet.
 31596 | Shoals:1 | Identified the +9 mace of the Exceptional God {heavy, rPois
                  | rF++ rC- MP+9}
 31800 | Shoals:1 | Found Toghuen's General Store.
 32296 | Snake:1  | Entered Level 1 of the Snake Pit
 32422 | Snake:1  | Found Acay's Armour Shoppe.
 33042 | Snake:1  | Found Kumuanair's Magic Scroll Emporium.
 33050 | Snake:1  | Bought a scroll of identify for 34 gold pieces
 33050 | Snake:1  | Bought a scroll of blinking for 127 gold pieces
 33290 | Snake:1  | Identified the +1 robe "Hymeso" {Harm +Inv rCorr}
 33375 | Snake:1  | Found Ozuitut's Armour Boutique.
 33475 | Snake:1  | Bought the +3 leather armour of Xom, Crafting {rN+ Will+
                  | Regen+} for 405 gold pieces
 33550 | Snake:1  | Found Wuddu's Antique Armour Shoppe.
 33614 | Snake:1  | Bought a masterwork robe for 131 gold pieces
 33614 | Snake:1  | Identified the +0 robe "Haah" {rF+ rN+ Str-4 Int+7} (You
                  | bought it in a shop on level 1 of the Snake Pit)
 33681 | Snake:1  | Found Cexuxiv's Magic Scroll Shoppe.
 33689 | Snake:1  | Bought a scroll of blinking for 97 gold pieces
 34102 | Snake:2  | Reached XP level 17. HP: 123/133 MP: 33/33
 34250 | Snake:2  | Offered knowledge of Fireball by Vehumet.
 34613 | Snake:2  | Reached skill level 10 in Hexes
 34613 | Snake:2  | Reached skill level 10 in Summonings
 34613 | Snake:2  | Reached skill level 10 in Necromancy
 34613 | Snake:2  | Reached skill level 10 in Translocations
 34613 | Snake:2  | Reached skill level 10 in Fire Magic
 34613 | Snake:2  | Reached skill level 10 in Ice Magic
 34613 | Snake:2  | Reached skill level 10 in Air Magic
 34613 | Snake:2  | Reached skill level 10 in Earth Magic
 34613 | Snake:2  | Reached skill level 10 in Alchemy
 35543 | Snake:3  | Reached skill level 12 in Short Blades
 35658 | Snake:3  | Found an ancient bone altar of Kikubaaqudgha.
 35716 | Snake:3  | Found a transporter.
 35717 | Snake:3  | Noticed Sagen's ghost (adept DrCj)
 36563 | Snake:3  | Found a transporter.
 36702 | Snake:3  | Killed Sagen's ghost
 36783 | Snake:4  | Entered Level 4 of the Snake Pit
 36799 | Snake:4  | Found Jougo's Antique Armour Shop.
 36805 | Snake:4  | Bought a runed helmet for 195 gold pieces
 37365 | Snake:4  | Noticed Alarak's ghost (adept DsFi)
 37420 | Snake:4  | Offered knowledge of Magnavolt by Vehumet.
 37430 | Snake:4  | Reached XP level 18. HP: 108/141 MP: 35/35
 38103 | Snake:4  | Got a serpentine rune of Zot
 38158 | Snake:4  | Found a runed translucent door.
 38371 | Snake:4  | Killed Alarak's ghost
 38991 | Shoals:2 | Noticed Nikola
 39012 | Shoals:2 | Killed Nikola
 39714 | Shoals:2 | Identified a scroll of acquirement
 39715 | Shoals:2 | Acquired a Necronomicon
 39823 | Shoals:3 | Got the Enchiridion on Curses
 39854 | Shoals:3 | Noticed Mlioglotl
 39867 | Shoals:3 | Killed Mlioglotl
 40234 | Shoals:3 | Reached skill level 13 in Short Blades
 40697 | Shoals:4 | Entered Level 4 of the Shoals
 40702 | Shoals:4 | Offered knowledge of Maxwell's Capacitive Coupling by
                  | Vehumet.
 40846 | Shoals:4 | Identified the +6 rapier of Spite {antimagic, rElec Will+
                  | Str+3 Stlth+}
 41074 | Shoals:4 | Got a barnacled rune of Zot
 41333 | Shoals:4 | Identified the +8 mace "Aratuna" {vamp, +Blink Fly Will++
                  | Str-5}
 41436 | Shoals:4 | Reached XP level 19. HP: 119/149 MP: 37/37
 42207 | Shoals:4 | Identified the serpent talisman of Distant Worlds {Dex+5}
 42207 | Shoals:4 | Noticed Aizul
 42234 | Shoals:4 | Killed Aizul
 42473 | Shoals:4 | Offered knowledge of Lehudib's Crystal Spear by Vehumet.
 42473 | Shoals:4 | Offered knowledge of Polar Vortex by Vehumet.
 42473 | Shoals:4 | Offered knowledge of Fulsome Fusillade by Vehumet.
 42737 | Shoals:4 | Identified the +4 rapier "Guovasko" {holy, rElec rPois
                  | rF+++}
 43056 | Shoals:3 | Found the +7 captain's cutlass {speed, disarm}
 44362 | Elf:1    | Entered Level 1 of the Elven Halls
 44478 | Elf:1    | Found a flickering gateway to a bazaar.
 44485 | Bazaar   | Entered a bazaar
 44610 | Bazaar   | Found Liriot's Book Shoppe.
 44626 | Bazaar   | Found Zera's Assorted Antiques.
 44626 | Bazaar   | Found Suisuece's Weapon Emporium.
 44647 | Bazaar   | Found Lefoxex's Magic Scroll Shoppe.
 44741 | Bazaar   | Bought a manual of Short Blades for 1200 gold pieces
 44741 | Bazaar   | Bought the Incunable of Airborne Intoxication for 570 gold
                  | pieces
 44747 | Bazaar   | Learned a level 5 spell: Yara's Violent Unravelling
 45431 | Elf:1    | Found a shimmering blue altar of Sif Muna.
 45803 | Elf:1    | Got the Catalogue of Assaults
 46101 | Elf:2    | Found Meowkion's Weapon Shoppe.
 46124 | Elf:2    | Found Acaiff's Armour Shoppe.
 46149 | Elf:2    | Found Riceraal's Armour Emporium.
 46174 | Elf:2    | Found a radiant altar of Vehumet.
 46195 | Elf:2    | Reached skill level 14 in Short Blades
 46309 | Elf:2    | Found Laytat's General Store.
 46671 | Elf:2    | Found a runed translucent gate.
 46671 | Elf:2    | Found a runed translucent gate.
 46672 | Elf:2    | Found a runed translucent gate.
 46676 | Elf:2    | Reached skill level 15 in Invocations
 46761 | Elf:3    | Entered Level 3 of the Elven Halls
 47211 | Elf:3    | Found Peto's Antique Armour Shoppe.
 47497 | Elf:3    | Found Lilifekuf's Jewellery Emporium.
 47497 | Elf:3    | Found Xogai's Book Shop.
 47498 | Elf:3    | Found Kepun's Book Shop.
 47628 | Elf:3    | Bought an amulet of magic regeneration for 480 gold pieces
 47838 | Elf:3    | Reached XP level 20. HP: 158/158 MP: 38/38
 48404 | Elf:3    | Identified the +10 scimitar "Seunliun" {freeze, Str+7
                  | Int-2}
 48710 | Elf:3    | Identified the ring "Zearabb" {Fire Int+3 Dex+3}
 48953 | Elf:3    | Identified the staff "Nabapn" {^Drain rPois Int+3 Earth}
 49134 | Elf:3    | Got the Cyclopedia of the Xenolith and Locality
 49144 | Elf:3    | Reached skill level 15 in Spellcasting
 49203 | Elf:3    | Identified the orb of Vanity {*Rage, +Blink rC- Str+6 Ice}
 49216 | Elf:3    | Identified the +0 chain mail "Cabaon" {Dex+2}
 49224 | Elf:3    | Identified the staff of Tirr {rC+ rN+ Ice}
 49235 | Elf:3    | Got Jorhyguth's Atlas of Execration
 49248 | Elf:3    | Identified the +1 helmet "Voism" {Int+4 Stlth+}
 49572 | Vaults:1 | Entered Level 1 of the Vaults
 49587 | Vaults:1 | Acquired 1121 gold pieces
 49930 | Vaults:1 | Reached skill level 15 in Short Blades
 49974 | Vaults:1 | Reached skill level 15 in Dodging
 50031 | Vaults:1 | Found Naky's Magic Scroll Boutique.
 50039 | Vaults:1 | Bought a scroll of enchant armour for 90 gold pieces
 50060 | Vaults:1 | Paralysed by a formless jellyfish for 1 turns
 50208 | Vaults:1 | Reached skill level 15 in Stealth
 50708 | Vaults:1 | Reached XP level 21. HP: 166/166 MP: 40/40
 51595 | Vaults:2 | Acquired the staff of Amorality {rF+ Will++ Str+2 Fire}
 51739 | Vaults:2 | Found a large runed translucent door.
 51739 | Vaults:2 | Found a large runed translucent door.
 51741 | Vaults:2 | Noticed Fauhuump's ghost (adept TeAE)
 52015 | Vaults:2 | Reached skill level 16 in Short Blades
 52188 | Vaults:2 | Identified the +5 scale mail "Foysk" {rN+ Dex+2 Slay+3}
 52326 | Vaults:2 | Identified the +1 flail "Welont" {freeze, *Noise rPois
                  | Str+5}
 52610 | Vaults:2 | Found a staircase to the Crypt.
 52753 | Vaults:2 | Killed Fauhuump's ghost
 52788 | Vaults:2 | Identified the +4 orcbow of Wosioc {heavy, rF+ Will+}
 53256 | Vaults:3 | Reached skill level 15 in Fighting
 53256 | Vaults:3 | Reached skill level 15 in Long Blades
 53256 | Vaults:3 | Reached skill level 15 in Axes
 53256 | Vaults:3 | Reached skill level 15 in Maces & Flails
 53256 | Vaults:3 | Reached skill level 15 in Polearms
 53256 | Vaults:3 | Reached skill level 15 in Staves
 53256 | Vaults:3 | Reached skill level 15 in Ranged Weapons
 53256 | Vaults:3 | Reached skill level 15 in Throwing
 53256 | Vaults:3 | Reached skill level 15 in Armour
 53256 | Vaults:3 | Reached skill level 15 in Shields
 53256 | Vaults:3 | Reached skill level 15 in Unarmed Combat
 53256 | Vaults:3 | Reached skill level 15 in Evocations
 53980 | Vaults:3 | You fall into a shaft and drop 1 floor!
 55491 | Vaults:4 | Found Daijim's Weapon Shop.
 55498 | Vaults:4 | Reached XP level 22. HP: 162/175 MP: 42/42
 55520 | Vaults:4 | Identified the orb "Qivveopn" {*channel, Int+4}
 55520 | Vaults:4 | Noticed Frederick
 55556 | Vaults:4 | Paralysed by a formless jellyfish for 1 turns
 55846 | Vaults:4 | Identified the +2 pair of boots of Tomorrow {Will++ Stlth+}
 55864 | Vaults:4 | Reached skill level 17 in Short Blades
 56430 | Vaults:4 | Killed Frederick
 56837 | Slime:1  | Entered Level 1 of the Pits of Slime
 56862 | Slime:1  | Paralysed by a formless jellyfish for 1 turns
 57794 | Slime:1  | Reached skill level 15 in Conjurations
 58280 | Slime:3  | Gained mutation: You are vulnerable to cold. (rC-) [a
                  | shining eye]
 58453 | Slime:3  | You fall into a shaft and drop 1 floor!
 58665 | Slime:5  | Entered Level 5 of the Pits of Slime
 58835 | Slime:5  | Reached XP level 23. HP: 176/183 MP: 41/43
 58940 | Slime:4  | Reached skill level 18 in Short Blades
 59583 | Slime:5  | Noticed the Royal Jelly
 59830 | Slime:5  | Found the +10 dark maul {heavy}
 59832 | Slime:5  | Found a viscous altar of Jiyva.
 60230 | Depths:1 | Entered Level 1 of the Depths
 60437 | Depths:1 | Found a one-way gateway to a ziggurat.
 60598 | Depths:1 | Found a transporter.
 60620 | Depths:1 | Found a transporter.
 60689 | Depths:1 | Found a transporter.
 60775 | Depths:1 | Found a gateway to Hell.
 61041 | Depths:1 | Found a one-way gate to the infinite horrors of the Abyss.
 61073 | Depths:1 | Found a shimmering blue altar of Sif Muna.
 61111 | Depths:1 | Found a transporter.
 61262 | Depths:2 | Reached skill level 15 in Shapeshifting
 61518 | Depths:2 | Noticed a juggernaut
 61564 | Depths:1 | Killed a juggernaut
 61696 | Depths:2 | Noticed a juggernaut
 61700 | Depths:2 | Killed a juggernaut
 61878 | Depths:2 | Noticed a dread lich
 61883 | Depths:2 | Killed a dread lich
 61979 | Depths:2 | Reached skill level 19 in Short Blades
 62123 | Depths:2 | Found a one-way gate leading to the halls of Pandemonium.
 62192 | Depths:2 | Reached XP level 24. HP: 193/193 MP: 44/44
 62410 | Depths:2 | Learned a level 7 spell: Magnavolt
 62544 | Depths:2 | Identified the staff of Turmoil {rElec rPois Necro Air}
 63160 | Depths:2 | Identified the +6 dagger of Fate {speed, Dex+4}
 63475 | Snake:1  | Bought a scroll of amnesia for 52 gold pieces
 63475 | Snake:1  | Bought a scroll of teleportation for 39 gold pieces
 63475 | Snake:1  | Bought a scroll of amnesia for 52 gold pieces
 63484 | Snake:1  | Learned a level 7 spell: Orb of Destruction
 63898 | Crypt:1  | Entered Level 1 of the Crypt
 63946 | Crypt:1  | Found a magical portal.
 63951 | WizLab   | Entered Tukima's Studio
 64405 | WizLab   | Noticed Xoff's illusion
 64436 | WizLab   | Got the Teachings on the Fair Folk
 67317 | Depths:3 | Noticed a caustic shrike
 67323 | Depths:3 | Killed a caustic shrike
 67324 | Depths:3 | Noticed a caustic shrike
 67324 | Depths:3 | Noticed a caustic shrike
 67327 | Depths:3 | Noticed a caustic shrike
 67583 | Depths:3 | Noticed a caustic shrike
 67587 | Depths:3 | Killed a caustic shrike
 67650 | Depths:3 | Reached skill level 20 in Short Blades
 67719 | Depths:3 | Noticed a caustic shrike
 67725 | Depths:3 | Killed a caustic shrike
 67907 | Depths:3 | Reached XP level 25. HP: 201/201 MP: 34/44
 68743 | Depths:3 | Identified the staff of Valiance {rF+ Int+2 Necro Fire}
 68867 | Depths:3 | Learned a level 3 spell: Fugue of the Fallen
 68877 | Depths:4 | Entered Level 4 of the Depths
 68881 | Depths:4 | Found Weas Ona's General Store.
 68887 | Depths:4 | Bought a book of Frost for 340 gold pieces
 68887 | Depths:4 | Bought a scroll of brand weapon for 161 gold pieces
 68920 | Depths:4 | Learned a level 8 spell: Ignition
 69008 | Depths:4 | Noticed Xtahua
 69037 | Depths:4 | Killed Xtahua
 69043 | Depths:4 | Noticed Sojobo
 69050 | Depths:4 | Killed Sojobo
 69304 | Depths:4 | Reached skill level 15 in Hexes
 69304 | Depths:4 | Reached skill level 15 in Summonings
 69304 | Depths:4 | Reached skill level 15 in Necromancy
 69304 | Depths:4 | Reached skill level 15 in Translocations
 69304 | Depths:4 | Reached skill level 15 in Fire Magic
 69304 | Depths:4 | Reached skill level 15 in Ice Magic
 69304 | Depths:4 | Reached skill level 15 in Air Magic
 69304 | Depths:4 | Reached skill level 15 in Earth Magic
 69304 | Depths:4 | Reached skill level 15 in Alchemy
 69395 | Depths:4 | Found a gate to the Realm of Zot.
 69605 | Depths:4 | Found a white marble altar of Elyvilon.
 70315 | Depths:4 | Found Yluego's Blood Bar.
 70822 | Vaults:5 | Entered Level 5 of the Vaults
 70824 | Vaults:5 | Reached skill level 21 in Short Blades
 70848 | Vaults:5 | Noticed an ancient lich
 71031 | Vaults:4 | Reached XP level 26. HP: 97/211 MP: 45/45
 71174 | Vaults:5 | Killed an ancient lich
 71788 | Vaults:5 | Identified the +1 leather armour of Loynlif {Dex+4}
 71863 | Vaults:5 | Identified the +5 war axe "Rorute" {holy, Int+2}
 71966 | Vaults:5 | Identified the ring "Bataaquc" {rF+ Will+ rCorr SInv
                  | Stlth+}
 71973 | Vaults:5 | Identified the amulet of Talaz {rElec rN++ Regen+ RegenMP+
                  | Int-3}
 72063 | Vaults:5 | Identified the scarf "Dalekke" {shadows, +Blink rF++ SInv}
 72217 | Vaults:5 | Noticed an ancient lich
 72222 | Vaults:5 | Killed an ancient lich
 72290 | Vaults:5 | Identified the +6 scale mail of the Candlemaker {rPois rF-
                  | rN+ Str+3}
 72294 | Vaults:5 | Identified the +7 chain mail of Conscience {rCorr Int+2}
 72475 | Vaults:5 | Identified the +12 mace of Disaster {flame, *Rage rF++
                  | Stlth+}
 72733 | Vaults:5 | Got a silver rune of Zot
 73392 | Lair:1   | Lost mutation: You are vulnerable to cold. (rC-) [potion of
                  | mutation]
 73392 | Lair:1   | Gained mutation: You have sharp toenails. [potion of
                  | mutation]
 73705 | Crypt:3  | Entered Level 3 of the Crypt
 74146 | Crypt:3  | Identified the ring of the Spinneret {rF+ rN++ rCorr MP+9
                  | Dex-4 Stlth+}
 74146 | Crypt:3  | Identified the ring of Fragile Peace {rN++ SInv Stlth+}
 74149 | Crypt:3  | Got Ososulue's Atlas of the Lithic Escort
 74151 | Crypt:3  | Identified the staff "Timolaev" {rPois rF+ rN+ Necro}
 74404 | Crypt:3  | Identified the +7 long sword "Irozy" {venom, Dex+7}
 74541 | Crypt:3  | Found a staircase to the Tomb.
 74869 | Crypt:3  | Found an ancient bone altar of Kikubaaqudgha.
 74871 | Crypt:3  | Noticed an ancient lich
 74880 | Crypt:3  | Killed an ancient lich
 74881 | Crypt:3  | Reached skill level 22 in Short Blades
 74885 | Crypt:3  | Noticed an ancient lich
 74893 | Crypt:3  | Killed an ancient lich
 74897 | Crypt:3  | Noticed an ancient lich
 74905 | Crypt:3  | Killed an ancient lich
 74912 | Crypt:3  | Got the Folio of Bloodied Hoarfrost
 74917 | Crypt:3  | Got the Anthology of Fiery Takwin
 75688 | Tomb:1   | Entered Level 1 of the Tomb of the Ancients
 76434 | Tomb:1   | Reached XP level 27. HP: 219/219 MP: 44/46
 76450 | Tomb:1   | Noticed a royal mummy
 76452 | Tomb:1   | Noticed a royal mummy
 76452 | Tomb:1   | Noticed a royal mummy
 76453 | Tomb:1   | Noticed a royal mummy
 76453 | Tomb:1   | Noticed a royal mummy
 76456 | Tomb:1   | Killed a royal mummy
 76457 | Tomb:1   | Noticed a royal mummy
 76458 | Tomb:1   | Killed a royal mummy
 76458 | Tomb:1   | Killed a royal mummy
 76608 | Tomb:1   | Identified the +1 robe of Greed {Dex+5}
 77466 | Slime:5  | Killed the Royal Jelly
 77675 | Slime:5  | Got the Dissertation on the Atmosphere
 77742 | Slime:5  | Identified the +1 flail of the Smoking Visionary {drain,
                  | Fly rF+}
 77752 | Slime:5  | Got a slimy rune of Zot
 78922 | Zot:1    | Entered Level 1 of the Realm of Zot
 78939 | Zot:1    | Found a transporter.
 79313 | Zot:1    | Found a transporter.
 79317 | Zot:1    | Identified the +0 scale mail "Afuarch" {Rampage rElec Int-4
                  | Dex-3}
 79793 | Zot:2    | Found Alon's CLEARANCE SALE!.
 79909 | Zot:2    | Reached skill level 23 in Short Blades
 80870 | Zot:2    | Identified the ring of Logicov {*Corrode rC+ Str+5}
 80872 | Zot:2    | Identified the +5 long sword of the Realm of Zot {drain,
                  | rElec rC+}
 81933 | Zot:3    | Noticed Grunn
 81944 | Zot:3    | Killed Grunn
 82693 | Depths:1 | Voluntarily entered the Abyss.
 82699 | Abyss:1  | Learned a level 4 spell: Sticky Flame
 82735 | Abyss:1  | Found a corrupted altar of Lugonu.
 83320 | Abyss:1  | Found a corrupted altar of Lugonu.
 83349 | Abyss:1  | Found a corrupted altar of Lugonu.
 83439 | Depths:1 | Escaped the Abyss
 83450 | Depths:1 | Voluntarily entered the Abyss.
 83452 | Abyss:1  | Found a corrupted altar of Lugonu.
 83523 | Abyss:1  | Found a corrupted altar of Lugonu.
 83611 | Abyss:1  | Found a corrupted altar of Lugonu.
 83810 | Depths:1 | Escaped the Abyss
 83897 | Hell     | Entered the Vestibule of Hell
 83897 | Hell     | Noticed Geryon
 84013 | Depths:1 | Voluntarily entered the Abyss.
 84018 | Depths:1 | Escaped the Abyss
 84020 | Depths:1 | Voluntarily entered the Abyss.
 84047 | Abyss:1  | Found a corrupted altar of Lugonu.
 84063 | Abyss:1  | Found a corrupted altar of Lugonu.
 84076 | Abyss:1  | Found a corrupted altar of Lugonu.
 84082 | Abyss:1  | Found a corrupted altar of Lugonu.
 84315 | Abyss:1  | Reached skill level 24 in Short Blades
 84503 | Abyss:2  | Found a corrupted altar of Lugonu.
 84534 | Abyss:2  | Noticed a dread lich
 84547 | Abyss:2  | Killed a dread lich
 84567 | Depths:1 | Escaped the Abyss
 84572 | Depths:1 | Voluntarily entered the Abyss.
 85012 | Depths:1 | Escaped the Abyss
 85028 | Depths:1 | Voluntarily entered the Abyss.
 85109 | Depths:1 | Escaped the Abyss
 85126 | Depths:1 | Voluntarily entered the Abyss.
 85318 | Abyss:2  | Found a corrupted altar of Lugonu.
 85689 | Depths:1 | Escaped the Abyss
 85691 | Depths:1 | Voluntarily entered the Abyss.
 85712 | Abyss:2  | Found a corrupted altar of Lugonu.
 85764 | Abyss:2  | Found a corrupted altar of Lugonu.
 86289 | Depths:1 | Escaped the Abyss
 86290 | Depths:1 | Upgraded the game from 0.32-a0-975-g85d4e5bfdb to
                  | 0.32-a0-981-g384da2ce10
 86294 | Depths:1 | Voluntarily entered the Abyss.
 86296 | Abyss:2  | Found a corrupted altar of Lugonu.
 86333 | Abyss:2  | Noticed an ancient lich
 86338 | Abyss:2  | Killed an ancient lich
 86467 | Abyss:2  | Found a shimmering blue altar of Sif Muna.
 86478 | Abyss:2  | Got the Annotations on the Departed
 86481 | Abyss:2  | Got the Textbook on the Departed
 86486 | Abyss:2  | Got the Vademecum on Ensorcelling
 86526 | Abyss:2  | Got the Monograph on Transposition
 86540 | Abyss:2  | Got the Information on Terrain
 86544 | Abyss:2  | Got Sif Muna's Directory of the Lungs
 86549 | Abyss:2  | Got the Notes on Transposition
 86556 | Abyss:2  | Found a shimmering blue altar of Sif Muna.
 86567 | Abyss:2  | Got the Textbook on Flux
 86606 | Depths:1 | Escaped the Abyss
 86639 | Depths:1 | Voluntarily entered the Abyss.
 86738 | Depths:1 | Escaped the Abyss
 86747 | Depths:1 | Voluntarily entered the Abyss.
 87377 | Depths:1 | Escaped the Abyss
 87413 | Depths:1 | Voluntarily entered the Abyss.
 87505 | Abyss:2  | Found a corrupted altar of Lugonu.
 87536 | Abyss:2  | Found a corrupted altar of Lugonu.
 87766 | Abyss:2  | Found a corrupted altar of Lugonu.
 87767 | Abyss:2  | Found a corrupted altar of Lugonu.
 87767 | Abyss:2  | Found a corrupted altar of Lugonu.
 88019 | Depths:1 | Escaped the Abyss
 88021 | Depths:1 | Voluntarily entered the Abyss.
 88067 | Abyss:2  | Reached skill level 25 in Short Blades
 88095 | Depths:1 | Escaped the Abyss
 88110 | Depths:1 | Voluntarily entered the Abyss.
 88133 | Abyss:2  | Found a corrupted altar of Lugonu.
 88300 | Abyss:2  | Found a corrupted altar of Lugonu.
 88784 | Depths:1 | Escaped the Abyss
 88786 | Depths:1 | Voluntarily entered the Abyss.
 89238 | Depths:1 | Escaped the Abyss
 89261 | Depths:1 | Voluntarily entered the Abyss.
 89292 | Abyss:2  | Found a corrupted altar of Lugonu.
 89336 | Depths:1 | Escaped the Abyss
 89338 | Depths:1 | Voluntarily entered the Abyss.
 89463 | Abyss:2  | Found a corrupted altar of Lugonu.
 89768 | Abyss:2  | Found a corrupted altar of Lugonu.
 89814 | Abyss:2  | Found a hide-covered altar of Uskayaw.
 90132 | Depths:1 | Escaped the Abyss
 90141 | Depths:1 | Voluntarily entered the Abyss.
 90146 | Abyss:2  | Found a corrupted altar of Lugonu.
 90241 | Abyss:2  | Found a corrupted altar of Lugonu.
 90260 | Abyss:2  | Found a corrupted altar of Lugonu.
 90260 | Abyss:2  | Found a corrupted altar of Lugonu.
 90326 | Abyss:2  | Found a corrupted altar of Lugonu.
 90517 | Depths:1 | Escaped the Abyss
 90523 | Depths:1 | Voluntarily entered the Abyss.
 90983 | Abyss:3  | Found a corrupted altar of Lugonu.
 91053 | Abyss:3  | Noticed an ancient lich
 91063 | Abyss:3  | Killed an ancient lich
 91070 | Depths:1 | Escaped the Abyss
 91165 | Depths:1 | Voluntarily entered the Abyss.
 91252 | Abyss:3  | Noticed a dread lich
 91271 | Abyss:3  | Killed a dread lich
 91544 | Abyss:3  | Got an abyssal rune of Zot
 91547 | Abyss:3  | Paralysed by accursed screaming for 2 turns
 91555 | Depths:1 | Escaped the Abyss
 91597 | Hell     | Noticed Murray
 91629 | Depths:1 | Learned a level 9 spell: Polar Vortex
 91734 | Depths:1 | Reached skill level 26 in Short Blades
 91737 | Depths:1 | Killed Murray
 91965 | Hell     | Killed Geryon
 92070 | Hell     | Found a gateway to the ashen valley of Gehenna.
 92104 | Hell     | Found a gateway to the Iron City of Dis.
 92147 | Hell     | Found a gateway to the freezing wastes of Cocytus.
 92256 | Hell     | Found a gateway to the decaying netherworld of Tartarus.
 93080 | Zot:4    | Identified the +9 battleaxe of Floods {distort, rF+ rN++
                  | Stlth+}
 93666 | Zot:5    | Entered Level 5 of the Realm of Zot
 94450 | Zot:5    | Noticed an orb of fire
 94452 | Zot:5    | Gained mutation: You have hidden genetic defects. [an orb
                  | of fire]
 94461 | Zot:5    | Killed an orb of fire
 94752 | Zot:5    | Noticed an orb of fire
 94762 | Zot:5    | Gained mutation: You are frail. (-10% HP) [an orb of fire]
 94766 | Zot:5    | Noticed a dread lich
 94771 | Zot:5    | Killed an orb of fire
 94771 | Zot:5    | Noticed an orb of fire
 94772 | Zot:5    | Noticed a dread lich
 94773 | Zot:5    | Killed a dread lich
 94777 | Zot:5    | Gained mutation: Your body sometimes deteriorates upon
                  | taking damage. [an orb of fire]
 94778 | Zot:5    | Noticed an orb of fire
 94783 | Zot:5    | Gained mutation: Your flesh is cold resistant. (rC+) [an
                  | orb of fire]
 94785 | Zot:5    | Gained mutation: You do not regenerate when monsters are
                  | visible. [an orb of fire]
 94786 | Zot:5    | Gained mutation: Armour fits poorly on your strangely
                  | shaped body. [an orb of fire]
 94788 | Zot:5    | Killed an orb of fire
 94789 | Zot:5    | Killed a dread lich
 94790 | Zot:5    | Noticed a dread lich
 94791 | Zot:5    | Noticed an orb of fire
 94800 | Zot:5    | Gained mutation: You occasionally lose the ability to drink
                  | potions when taking damage. [an orb of fire]
 94802 | Zot:5    | Gained mutation: You sometimes lose the ability to drink
                  | potions when taking damage. [an orb of fire]
 94803 | Zot:5    | Gained mutation: You are very frail. (-20% HP) [an orb of
                  | fire]
 94803 | Zot:5    | Gained mutation: You are occasionally teleported next to
                  | monsters. [hidden defects]
 94811 | Zot:5    | HP: 9/183 [orb of fire/bolt of fire (16)]
 94811 | Zot:5    | Killed from afar by an orb of fire

Illustrated notes

Levels and vault maps discovered:
D:1:      ebering_trefoil_twist, layout_basic, basic_ecumenical_altar,
          chequers_big_river, lemuel_flame_loot_1
D:2:      layout_basic, reono_crystal_passage
D:3:      layout_basic, st_stairs_14, uniq_natasha, uniq_robin
D:4:      layout_basic, minmay_temple_entry_antechambers, minivault_26,
          serial_park_tiny_pond, minmay_misc_feat_tiny, minmay_misc_feat_alley,
          uniq_grinder, uniq_crazy_yiuf_cottage
D:5:      layout_rooms, overflow_temple_1_default, serial_shops, shop_statue
D:6:      minmay_cornered_nines, layout_rooms, serial_glass, glass_columns_c,
          glass_columns_a, feat_on_display, item_on_display_a, feat_on_display,
          serial_library_hellmonk_small_corner
D:7:      bobbens_index_wilting_gardens, layout_loops_ring,
          mainiacjoe_overflow_catwalk, serial_shops,
          nicolae_shop_hallway_stairs, uniq_joseph
D:8:      layout_basic, gammafunk_ghost_arena, abandoned_shop, uniq_psyche
D:9:      layout_gridville, enter_bailey_2, serial_shops,
          nicolae_shop_rolling_square
D:10:     layout_cave_pools, mainiacjoe_overflow_alcove_1, david_lair_generic,
          orc_0_dummy
D:11:     layout_grid_maze
D:12:     layout_roguey, uniq_maurice
D:13:     layout_rooms
D:14:     layout_roguey, grunt_vaults_entry_fortified
D:15:     grunt_enter_depths_snipers, layout_rooms,
          amcnicky_mini_rare_corridor_liquid, kennysheep_two_boxes
Temple:   hellmonk_temple_divided_pantheon
Lair:1:   layout_layer_cave, beast_lair_carwin_4, serial_bayou_shore_a,
          grunt_megastairs_1, uniq_urug
Lair:2:   beast_lair_carwin_large_3, layout_cave_shapes,
          mainiacjoe_shoals_entry_four_pools, nicolae_snake_entry_squirm,
          serial_bayou_shore_b
Lair:3:   layout_gridlike, eino_house_with_fridge, lemuel_fruit_tree
Lair:4:   cheibrodos_lair_river_kwai, layout_layer_cave,
          nicolae_slime_entry_field_trip
Lair:5:   hangedman_lair_caniforms_friends, layout_concentric_octagons
Shoals:1: layout_shoals, serial_shops, nicolae_diamond_shop, st_sunken_huts
Shoals:2: layout_shoals, uniq_nikola
Shoals:3: layout_shoals, nicolae_shoals_hidden_pirate_stash, uniq_mlioglotl
Shoals:4: shoals_end_grunt_ice, layout_shoals, uniq_aizul
Snake:1:  layout_cave_pods, serial_shops, nicolae_shop_gibbet_a_chance,
          shop_statue, nicolae_square_shop, nicolae_shop_getting_attention,
          shop, hangedman_snake_corridor_cut
Snake:2:  layout_basic, serial_library_hellmonk_secret_room
Snake:3:  layout_rooms, gammafunk_ghost_arena, basic_altar,
          serial_bayou_lagoon_a, grunt_ministairs_12
Snake:4:  snake_pit, layout_basic, hellmonk_ghost_happy_afterlife,
          minmay_shop_star
Slime:1:  layout_caves
Slime:2:  layout_caves
Slime:3:  layout_caves
Slime:4:  layout_caves
Slime:5:  slime_pit_nicolae_trefoil
Orc:1:    layout_diamond_mine, nicolae_shop_self_help, uniq_jorgrun
Orc:2:    hellmonk_orc_salted, layout_caves, serial_shops, shop,
          gauntlet_entry_generic, uniq_rupert
Elf:1:    layout_loops_ring, basic_altar, serial_shops, bzr_entry_safe,
          minmay_elf_annihilation
Elf:2:    nicolae_elf_blades_splatter_lattice [nicolae_blade_lattice],
          layout_geoelf_grid, basic_altar, serial_shops, shop,
          nicolae_shop_scrapyard, nicolae_shop_scrapyard,
          nicolae_shop_hallway_plus
Elf:3:    elf_hall, layout_loops_corners, serial_shops, shop, drop_trap,
          minmay_shop_grove
Vaults:1: v_misc_18, nicolae_vaults_little_squares_2,
          ontoclasm_vaults_ring_large, nicolae_vaults_murder_corner,
          nicolae_vaults_circle_grid_b, nicolae_vaults_network_star,
          nicolae_vaults_shelves_hall, grunt_vaults_diagonal,
          nicolae_vaults_hexular_roomagon, nicolae_vaults_trapezoid_lopsided_2,
          vaults_standard_mumra_lines, nicolae_vaults_apartment_1,
          layout_vaults_omnicross, serial_shops, nicolae_shop_trees
Vaults:2: ebering_ghost_disaster_area, nicolae_vaults_more_shelving_1,
          minmay_crypt_entry_simple_sparse, v_pattern_4,
          nicolae_vaults_six-pack, v_misc_9, hangedman_vaults_trim,
          nicolae_vaults_weapon_check, layout_vaults_big_room
Vaults:3: nicolae_vaults_trapezoid_lopsided_1, nicolae_vaults_little_squares_1,
          kb_rosetta, v_rooms_5, hangedman_vaults_restitches,
          nicolae_vaults_circle_grid_a, nicolae_vaults_six-pack,
          layout_vaults_omnigrid
Vaults:4: hangedman_vaults_nails, nicolae_vaults_ninety_degrees,
          nicolae_vaults_taking_the_gang_shopping,
          nicolae_vaults_security_offices_6, vaults_standard_mumra_x,
          hangedman_vaults_stretched_pinwheel, v_misc_1,
          dpeg_vaults_monster_row, nicolae_vaults_trapezoid_layered,
          nicolae_vaults_tetromino_L_1, layout_vaults_ring, uniq_frederick
Vaults:5
Crypt:1:  layout_basic, mu_enter_wizlab_2, grunt_ministairs_6
Crypt:2:  layout_gridlike, grunt_megastairs_3
Crypt:3:  quadcrypt_mu
Tomb:1
Depths:1: layout_honeycomb, enter_ziggurat_f, lemuel_tele_altar,
          abyss_entry_small_statue_room, hangedman_geh_valley,
          hangedman_decor_push, nicolae_transporter_intersection
Depths:2: hellmonk_hyper_hexagons [hex_subvault_roundabout,
          hex_subvault_four_corners, hex_subvault_one_slice, hex_subvault_bell,
          hex_subvault_dug_out, hex_subvault_uneven], abyss_entry, pan_entry,
          hell_entry
Depths:3: grunt_runaround [grunt_runaround_loot, grunt_runaround_doors_1,
          grunt_runaround_doors_2, grunt_runaround_doors_3,
          grunt_runaround_doors_4], abyss_entry, hell_entry
Depths:4: grunt_zot_entry_tricorne, layout_basic, serial_shops,
          nicolae_shop_just_a_little_nook, elyvilon_altar_1, hell_entry,
          guppyfry_shop_blood, uniq_sojobo, uniq_xtahua
Hell
Zot:1:    layout_gridville, st_small_dragon_hoard_5, nicolae_diode_stairs
Zot:2:    gammafunk_mikee_crab_dinner, layout_onion, nicolae_shop_clearance,
          regret_index_zotdec_banners
Zot:3:    lemuel_draconian_sentries, layout_cathedral_of_symmetry,
          regret_index_zotdec_decaying_basic, grunt_ministairs_8,
          regret_index_zotdec_twisting_globes, uniq_grunn
Zot:4:    layout_misc_corridors, grunt_ministairs_6
Zot:5:    layout_gridlike

Skill      XL: |  1  2  3  4  5  6  7  8  9 10 11 12 13 14 15 16 17 18 19 20 21 22 23 24 25 26 27 |
---------------+----------------------------------------------------------------------------------+-----
Spellcasting   | 5 6 7 8 9 10 11 12 13 14 15 16 17 18 19 22 | 22.0
Invocations    | 1 2 3 4 5 6 7 8 10 11 12 13 14 15 16 17 18 19 20 23 | 23.3
Fighting       | 1 2 3 5 6 7 8 9 10 11 12 13 14 15 16 17 18 21 | 21.6
Short Blades   | 1 2 3 5 6 7 8 9 10 11 12 13 14 15 16 17 19 20 21 22 26 | 26.8
Long Blades    | 1 2 3 5 6 7 8 9 10 11 12 13 14 15 16 17 19 24 | 24.5
Axes           | 1 2 3 5 6 7 8 9 10 11 12 13 14 15 16 17 18 21 | 21.6
Maces & Flails | 1 2 3 5 6 7 8 9 10 11 12 13 14 15 16 17 18 21 | 21.6
Polearms       | 1 2 3 5 6 7 8 9 10 11 12 13 14 15 16 17 18 21 | 21.6
Staves         | 1 2 3 5 6 7 8 9 10 11 12 13 14 15 16 17 18 21 | 21.6
Ranged Weapons | 1 2 3 5 6 7 8 9 10 11 12 13 14 15 16 17 18 21 | 21.6
Throwing       | 1 2 3 5 6 7 8 9 10 11 12 13 14 15 16 17 18 21 | 21.6
Armour         | 1 2 3 5 6 7 8 9 10 11 12 13 14 15 16 17 18 21 | 21.6
Shields        | 1 2 3 5 6 7 8 9 10 11 12 13 14 15 16 17 18 21 | 21.6
Unarmed Combat | 1 2 3 5 6 7 8 9 10 11 12 13 14 15 16 17 18 21 | 21.6
Evocations     | 1 2 3 5 6 7 8 9 10 11 12 13 14 15 16 17 18 21 | 21.6
Shapeshifting  | 1 2 3 4 5 6 7 8 9 10 11 12 13 14 15 16 17 20 | 20.0
Hexes          | 1 2 3 4 5 6 7 8 9 10 11 12 13 14 15 18 | 18.5
Summonings     | 1 2 3 4 5 6 7 8 9 10 11 12 13 14 15 20 | 20.6
Necromancy     | 1 2 3 4 5 6 7 8 9 10 11 12 13 14 15 18 | 18.5
Translocations | 1 2 3 4 5 6 7 8 9 10 11 12 13 14 15 18 | 18.5
Fire Magic     | 1 2 3 4 5 6 7 8 9 10 11 12 13 14 15 18 | 18.5
Ice Magic      | 1 2 3 4 5 6 7 8 9 10 11 12 13 14 15 18 | 18.5
Air Magic      | 1 2 3 4 5 6 7 8 9 10 11 12 13 14 15 18 | 18.5
Earth Magic    | 1 2 3 4 5 6 7 8 9 10 11 12 13 14 15 18 | 18.5
Alchemy        | 1 2 3 4 5 6 7 8 9 10 11 12 13 14 15 18 | 18.5
Dodging        | 5 6 7 8 9 10 11 12 13 14 15 16 17 18 19 22 | 22.0
Stealth        | 5 6 7 8 9 10 11 12 13 14 15 16 17 18 19 21 | 21.9
Conjurations   | 8 9 10 11 12 13 14 15 16 17 19 | 19.6

Action                     |  1- 3 |  4- 6 |  7- 9 | 10-12 | 13-15 | 16-18 | 19-21 | 22-24 | 25-27 || total
---------------------------+-------+-------+-------+-------+-------+-------+-------+-------+-------++-------
  Melee: Dagger            |     6 |     6 |     6 |       |       |       |       |       |       ||    18
         Bite              |     1 |     4 |     9 |    82 |    23 |    11 |    47 |    29 |   214 ||   420
         Flail             |       |    13 |    16 |       |       |       |       |       |       ||    29
         Falchion          |       |       |     5 |    53 |       |       |       |       |       ||    58
         Whip              |       |       |    35 |   389 |       |       |       |       |       ||   424
         Long sword        |       |       |       |    34 |    51 |       |       |       |       ||    85
         Staff             |       |       |       |       |    97 |    15 |   183 |   159 |   198 ||   652
         Mace              |       |       |       |       |       |    72 |    29 |       |   737 ||   838
         Cutlass           |       |       |       |       |       |       |       |       |    83 ||    83
   Fire: Sling             |       |       |    10 |       |       |       |       |       |       ||    10
   Cast: Magic Dart        |    41 |    36 |    47 |    88 |     1 |       |       |     5 |    11 ||   229
         Searing Ray       |     4 |    18 |    53 |    38 |     2 |     2 |       |       |       ||   117
         Iskenderun's Myst |       |     1 |     8 |    28 |    82 |   118 |   132 |   167 |   223 ||   759
         Mephitic Cloud    |       |       |    11 |    37 |    11 |     1 |     4 |       |       ||    64
         Freezing Cloud    |       |       |       |    32 |   219 |   285 |   183 |    35 |    12 ||   766
         Frozen Ramparts   |       |       |       |     4 |    18 |    20 |     4 |       |       ||    46
         Scorch            |       |       |       |       |    75 |     7 |     7 |     3 |       ||    92
         Dispel Undead     |       |       |       |       |    21 |     8 |    13 |    75 |   200 ||   317
         Lee's Rapid Decon |       |       |       |       |     9 |    17 |    39 |    99 |   287 ||   451
         Permafrost Erupti |       |       |       |       |     3 |    55 |   215 |   397 |  1154 ||  1824
         Yara's Violent Un |       |       |       |       |       |       |    42 |    34 |    47 ||   123
         Orb of Destructio |       |       |       |       |       |       |       |    37 |    89 ||   126
         Magnavolt         |       |       |       |       |       |       |       |     9 |       ||     9
         Ignition          |       |       |       |       |       |       |       |       |    36 ||    36
         Sticky Flame      |       |       |       |       |       |       |       |       |   127 ||   127
         Polar Vortex      |       |       |       |       |       |       |       |       |     8 ||     8
  Evoke: Wand              |       |       |       |       |    10 |     5 |     1 |     2 |     1 ||    19
         Phial of floods   |       |       |       |       |     1 |       |       |       |       ||     1
         Lightning rod     |       |       |       |       |     4 |       |       |       |       ||     4
         Sack of spiders   |       |       |       |       |       |       |       |     2 |       ||     2
         Horn of Geryon    |       |       |       |       |       |       |       |       |     1 ||     1
    Use: Scroll            |       |       |     1 |    19 |     7 |     7 |     6 |    10 |     7 ||    57
         Potion            |       |       |       |       |     4 |     6 |     9 |     3 |     8 ||    30
   Stab: Sleeping          |     1 |     1 |     3 |     8 |       |     3 |    11 |     4 |    12 ||    43
         Confused          |       |       |     8 |    46 |     3 |       |     5 |       |       ||    62
         Invisible         |       |       |       |       |     2 |       |       |     1 |       ||     3
         Paralysed         |       |       |       |       |     2 |       |       |       |       ||     2
         Distracted        |       |       |       |       |     1 |       |       |     1 |    10 ||    12
 Armour: Robe              |     5 |    13 |    63 |   162 |       |       |       |       |       ||   243
         Troll leather arm |       |       |       |   108 |   222 |    86 |       |       |       ||   416
         Leather armour    |       |       |       |       |       |   259 |   325 |   440 |  1343 ||  2367
  Dodge: Dodged            |     7 |    19 |    61 |   307 |   267 |   248 |   207 |   313 |  1183 ||  2612

Table legend: (Time is in decaauts)
 A = Elapsed time spent in this place.
 B = Non-inter-level travel time spent in this place.
 C = Inter-level travel time spent in this place.
 D = Time resting spent in this place.
 E = Time spent auto-exploring this place.
 F = Levels seen in this place.
 G = Mean time per level.
                   A        B        C        D        E       F      G
               +--------+--------+--------+--------+--------+-----+--------+
         Total |  95090 |  84803 |  10287 |   1070 |  66434 |  84 | 1132.0 |
       Dungeon |  21067 |  18253 |   2814 |     17 |  15586 |  15 | 1404.5 |
        Temple |     62 |      6 |     56 |      0 |      0 |   1 |   62.0 |
          Lair |   9112 |   7624 |   1488 |     35 |   6146 |   5 | 1822.4 |
        Shoals |   6990 |   6580 |    410 |     16 |   5640 |   4 | 1747.5 |
     Snake Pit |   6502 |   6083 |    419 |      0 |   5038 |   4 | 1625.5 |
    Slime Pits |   3680 |   3251 |    429 |     27 |   2542 |   5 |  736.0 |
  Orcish Mines |   2447 |   2089 |    358 |      0 |   1762 |   2 | 1223.5 |
   Elven Halls |   5313 |   4726 |    587 |    392 |   3571 |   3 | 1771.0 |
        Vaults |   9840 |   8337 |   1503 |    107 |   6614 |   5 | 1968.0 |
         Crypt |   4281 |   3617 |    664 |     33 |   2817 |   3 | 1427.0 |
          Tomb |   1233 |    969 |    264 |      0 |    724 |   1 | 1233.0 |
        Depths |   7948 |   7278 |    670 |    152 |   5684 |   4 | 1987.0 |
          Hell |    498 |    478 |     20 |      0 |    337 |   1 |  498.0 |
           Zot |   5976 |   5374 |    602 |    260 |   3968 |   5 | 1195.2 |
         Abyss |   8334 |   8334 |      0 |     27 |   4857 |  22 |  378.8 |
        Bazaar |    352 |    352 |      0 |      0 |    184 |   1 |  352.0 |
        Bailey |    304 |    304 |      0 |      4 |    162 |   1 |  304.0 |
        Wizlab |    527 |    527 |      0 |      0 |    372 |   1 |  527.0 |
      Gauntlet |    615 |    615 |      0 |      0 |    425 |   1 |  615.0 |
               +--------+--------+--------+--------+--------+-----+--------+

Top non-repeatable levels by time:
 Abyss:2: 6273 daAuts
Shoals:4: 2542 daAuts
     D:7: 2505 daAuts
Depths:1: 2306 daAuts
   Elf:3: 2193 daAuts
     D:4: 2163 daAuts
Depths:3: 2113 daAuts
Vaults:1: 2112 daAuts
Vaults:5: 2048 daAuts
Vaults:2: 2044 daAuts
  Lair:5: 2013 daAuts
 Crypt:3: 1997 daAuts
  Lair:4: 1982 daAuts
  Lair:1: 1912 daAuts
    D:14: 1890 daAuts
